 Dungeon Crawl Stone Soup version 0.25-a0-258-g6d7e32a812 (webtiles) character file.

Game seed: 7089103069409147892, levelgen mode: classic

11561 Borgoz the Protected (level 11, -20/69 HPs)
             Began as a Gargoyle Monk on Dec 6, 2019.
             Was a High Priest of Okawaru.
             Demolished by a white ugly thing (31 damage)
             ... on level 11 of the Dungeon.
             The game lasted 00:22:25 (10659 turns).

Borgoz the Protected (Gargoyle Monk)               Turns: 10659, Time: 00:22:26

Health: -20/69     AC: 28    Str: 18    XL:     11   Next: 79%
Magic:  11/11      EV: 10    Int: 11    God:    Okawaru [*****.]
Gold:   500        SH:  0    Dex: 12    Spells: 10/10 levels left

rFire    . . .     SeeInvis .   y - +0 scimitar
rCold    . . .     Gourm    .   (no shield)
rNeg     + . .     Faith    .   g - +0 chain mail (curse)
rPois    ∞         Spirit   .   f - +2 hat
rElec    +         Reflect  .   z - +1 cloak
rCorr    .         Harm     +   i - +1 pair of gloves
MR       .....                  h - +0 pair of boots
Stlth    ..........             n - amulet of harm
HPRegen  0.21/turn              (no ring)
MPRegen  0.12/turn              (no ring)

@: no status effects
A: negative energy resistance 1, electricity resistance, unbreathing,
petrification resistance, rot immunity, AC +8
a: Heroism, Finesse, Renounce Religion


You were on level 11 of the Dungeon.
You worshipped Okawaru.
Okawaru was extremely pleased with you.
You were not hungry.

You visited 2 branches of the dungeon, and saw 12 of its levels.
You also visited: Sewer.

You collected 500 gold pieces.

Inventory:

Hand Weapons
 y - a +0 scimitar (weapon)
Missiles
 C - 2 throwing nets (quivered)
Armour
 f - a +2 hat (worn)
 g - a cursed +0 chain mail (worn)
 h - a +0 pair of boots (worn)
 i - a +1 pair of gloves (worn)
 u - a +3 ring mail of cold resistance
 z - a +1 cloak (worn)
Jewellery
 l - an uncursed amulet of the gourmand
 n - an amulet of harm (around neck)
 J - a +4 ring of strength {unknown}
 K - an uncursed amulet of guardian spirit {unknown}
 M - an uncursed ring of wizardry {unknown}
Wands
 d - a wand of clouds (5)
 q - a wand of acid (7)
 w - a wand of digging (6)
 D - a wand of polymorph (4)
 G - a wand of enslavement (8)
Scrolls
 a - 2 scrolls of blinking
 e - 5 scrolls of teleportation
 j - a scroll of identify
 m - a scroll of fog
 s - 2 scrolls of magic mapping {unknown}
 t - 3 scrolls of enchant weapon
 v - 3 scrolls of enchant armour
 x - 3 scrolls of remove curse
 B - 2 scrolls of immolation {unknown}
 H - a scroll of fear {unknown}
 L - a scroll of vulnerability {unknown}
Potions
 k - 2 potions of haste
 o - 4 potions of curing
 p - a potion of magic
 r - a potion of brilliance
 A - a potion of ambrosia
 E - a potion of flight
 F - 3 potions of agility
 I - a potion of berserk rage
Comestibles
 c - 22 rations


   Skills:
 + Level 8.8 Fighting
 * Level 10.2 Long Blades
 * Level 11.5 Armour
 + Level 6.8 Dodging
 - Level 2.1 Stealth


You had 10 spell levels left.
You didn't know any spells.
Your spell library contained the following spells:

 Spells                   Type           Power        Failure   Level  Hunger
 Animate Skeleton         Necr           N/A          95%         1    ##.....
 Pain                     Necr           #...         95%         1    ##.....
 Regeneration             Chrm/Necr      #.........   100%        3    ####...
 Vampiric Draining        Necr           #.........   100%        3    ####...
 Animate Dead             Necr           N/A          100%        4    #####..


Dungeon Overview and Level Annotations

Branches:
Dungeon (11/15)            Temple (1/1) D:7            Lair (0/6) D:8
    Orc (0/2) D:10          Sewer (visited)

Altars:
Ashenzari
Cheibriados
Dithmenos
Elyvilon
Fedhas
Gozag
Hepliaklqana
Kikubaaqudgha
Makhleb
Nemelex Xobeh
Okawaru
Qazlal
Ru
Sif Muna
Trog
Uskayaw
Vehumet
Wu Jian
Xom
Yredelemnul
Zin
The Shining One

Shops:
D:7 [


Innate Abilities, Weirdness & Mutations

You are resistant to torment.
Your stone body is resilient. (AC +8)
You are immune to poison.
You resist negative energy. (rN+)
You are resistant to electric shocks. (rElec)
You can survive without breathing.
You are immune to petrification.
You are immune to rotting.


Message History

Evoke which item? (* to show all) (? for menu, Esc to quit)
Aiming: Cloud Cone
Press: ? - help, Dir - move target cursor, f - white ugly thing
Aim: a white ugly thing You create a blast of flame!
The white ugly thing is engulfed in blazing flames.
The white ugly thing misses you.
You riposte.
You closely miss the white ugly thing.
The white ugly thing is moderately wounded.
You hit the white ugly thing but do no damage.
The white ugly thing is moderately wounded.
The white ugly thing is engulfed in blazing flames.
The white ugly thing bites you! The white ugly thing freezes you!!
* * * LOW HITPOINT WARNING * * *
You feel better.
The white ugly thing is engulfed in blazing flames.
The white ugly thing bites you!
* * * LOW HITPOINT WARNING * * *
The white ugly thing freezes you!!
You die...

###'#....####....#
.................#
.##..............#
.##....#.........#
............###..#
.................#
############.....#
# #.###.# # #(#
#@# # #....u# #
#...§§# #...§§#
#..§§§# #.....#
#.....# #.....#


You could see a white ugly thing.

Vanquished Creatures
  Gastronok (D:11)
  A hydra (D:11)
  A wolf spider zombie (D:9)
  A cyclops (D:11)
  A centaur skeleton (D:10)
  A troll (D:10)
  4 hippogriffs
  Sigmund (D:3)
  A human (D:10)
  4 hogs (D:10)
  A steam dragon (D:9)
  A hungry ghost (D:11)
  Menkaure (D:4)
  A water moccasin (D:8)
  5 ice beasts
  3 sky beasts
  5 ogres
  An eye of draining (D:9)
  An orc warrior (D:10)
  3 phantoms
  2 black bears
  8 centaurs
  A crocodile (D:9)
  Blork the orc (D:4)
  3 big kobolds
  11 bullfrogs
  A wyvern zombie (D:11)
  2 scorpions
  12 killer bees
  3 wights (D:6)
  4 howler monkeys
  2 crimson imps
  4 bullfrog skeletons
  3 jellies
  5 hounds
  3 orc wizards
  3 iron imps (D:9)
  7 iguanas
  11 worker ants
  A killer bee zombie (D:9)
  2 hound skeletons
  Robin (D:3)
  A worker ant zombie (D:9)
  15 adders
  6 gnolls
  2 shadow imps
  3 adder skeletons
  An adder zombie (D:6)
  6 worms
  2 dart slugs (D:1)
  10 leopard geckos
  28 orcs
  A bat skeleton (D:2)
  6 giant cockroaches
  13 goblins
  15 hobgoblins
  15 jackals
  7 quokkas
  7 ball pythons
  4 bats
  8 frilled lizards
  A giant cockroach zombie (D:2)
  22 kobolds
  A leopard gecko skeleton (D:7)
  2 quokka zombies
  6 rats
  5 plants (Sewer)
315 creatures vanquished.

Vanquished Creatures (others)
  An orc wizard (D:4)
  4 toadstools (D:1)
5 creatures vanquished.

Grand Total: 320 creatures vanquished

Notes
Turn   | Place    | Note
-------+----------+-------------------------------------------
     0 | D:1      | Borgoz the Gargoyle Monk began the quest for the Orb.
     0 | D:1      | Reached XP level 1. HP: 14/14 MP: 1/1
   117 | D:1      | Reached skill level 1 in Armour
   117 | D:1      | Reached XP level 2. HP: 19/19 MP: 2/2
   524 | D:2      | Noticed a bullfrog
   529 | D:2      | Killed a bullfrog
   529 | D:2      | Reached skill level 2 in Armour
   529 | D:2      | Reached XP level 3. HP: 11/24 MP: 3/3
   529 | D:2      | Reached XP level 4. HP: 13/29 MP: 4/4
   892 | D:2      | Reached XP level 5. HP: 28/33 MP: 5/5
  1010 | D:2      | Found a radiant altar of Vehumet.
  1391 | D:3      | Found a sparkling altar of Nemelex Xobeh.
  1411 | D:3      | Reached skill level 3 in Armour
  1479 | D:3      | Noticed Robin
  1512 | D:3      | Killed Robin
  1512 | D:3      | Reached XP level 6. HP: 13/38 MP: 6/6
  1734 | D:3      | Found a blossoming altar of Fedhas.
  1734 | D:3      | Found a shadowy altar of Dithmenos.
  1881 | D:3      | Found a glowing drain.
  1916 | Sewer    | Entered a sewer
  2827 | D:3      | Noticed Sigmund
  2877 | D:3      | Killed Sigmund
  2877 | D:3      | Reached skill level 4 in Armour
  2877 | D:3      | Reached XP level 7. HP: 31/44 MP: 7/7
  2992 | D:3      | Found a faded altar of an unknown god.
  3067 | D:4      | Noticed Menkaure
  3072 | D:4      | Killed Menkaure
  3277 | D:4      | Noticed Blork the orc
  3288 | D:4      | Killed Blork the orc
  3288 | D:4      | Reached skill level 5 in Long Blades
  3288 | D:4      | Reached skill level 5 in Armour
  3468 | D:4      | Reached skill level 5 in Fighting
  3788 | D:5      | Entered Level 5 of the Dungeon
  3809 | D:4      | Reached XP level 8. HP: 40/49 MP: 8/8
  5151 | D:6      | Reached skill level 6 in Armour
  5586 | D:6      | Reached XP level 9. HP: 47/55 MP: 9/9
  5591 | D:6      | Reached skill level 7 in Armour
  5983 | D:7      | Found Ucatial's Antique Armour Shoppe.
  6096 | D:7      | Found a staircase to the Ecumenical Temple.
  6152 | Temple   | Entered the Ecumenical Temple
  6312 | Temple   | Became a worshipper of Warmaster Okawaru
  6312 | Temple   | Reached * piety under Okawaru
  6312 | Temple   | Reached ** piety under Okawaru
  6525 | D:8      | Reached skill level 8 in Armour
  6554 | D:8      | Reached skill level 5 in Dodging
  6915 | D:8      | Reached XP level 10. HP: 46/61 MP: 10/10
  7057 | D:8      | Reached *** piety under Okawaru
  7070 | D:8      | Found a staircase to the Lair.
  7562 | D:9      | Reached skill level 9 in Armour
  7785 | D:9      | Reached **** piety under Okawaru
  8155 | D:9      | Found an opulent altar of Gozag.
  8165 | D:9      | Received a gift from Okawaru
  8288 | D:9      | Found a burning altar of Makhleb.
  8431 | D:10     | Entered Level 10 of the Dungeon
  8455 | D:10     | Reached skill level 10 in Armour
  8466 | D:10     | Found a staircase to the Orcish Mines.
  8749 | D:10     | Reached ***** piety under Okawaru
  8749 | D:10     | Reached XP level 11. HP: 68/68 MP: 11/11
  9346 | D:10     | Received a gift from Okawaru
  9589 | D:11     | Noticed a seven-headed hydra
  9596 | D:11     | Killed a seven-headed hydra
  9596 | D:11     | Reached skill level 11 in Armour
 10055 | D:11     | Noticed a cyclops
 10066 | D:11     | Killed a cyclops
 10375 | D:11     | Noticed Gastronok
 10402 | D:11     | Killed Gastronok
 10402 | D:11     | Reached skill level 10 in Long Blades
 10654 | D:11     | Noticed a white ugly thing
 10659 | D:11     | Demolished by a white ugly thing

Levels and vault maps discovered:
D:1:      ldierk_walled_garden_2, layout_basic
D:2:      layout_loops_ring, lemuel_round_altar, serial_undead, serial_undead_c,
          serial_undead_d, serial_undead_b, serial_undead_d
D:3:      layout_basic, overflow_temple_1_default,
          gammafunk_temple_overflow_wave, chequers_ecumenical_altar_island,
          gup_sewer_entry_pipe, first_ration, uniq_robin, uniq_sigmund
D:4:      layout_rooms, uniq_blork_the_orc, uniq_menkaure
D:5:      layout_basic
D:6:      layout_basic
D:7:      layout_basic, temple_pool_b, serial_shops, shop
D:8:      layout_loops_corners, dpeg_oklobed_lair, grunt_ministairs_14
D:9:      layout_irregular_city, overflow_temple_1_default, demons_altar
D:10:     layout_roguey, orc_0_dummy, grunt_livestock
D:11:     layout_stronghold, uniq_gastronok
Temple:   eino_temple_scatter_basement

Skill      XL: |  1  2  3  4  5  6  7  8  9 10 11 |
---------------+----------------------------------+-----
Armour         | 1 2 3 4 5 6 8 10 11 | 11.5
Long Blades    | 3 4 5 6 7 9 10 | 10.2
Fighting       | 4 5 6 8 |  8.8
Dodging        | 3 4 5 6 |  6.8
Stealth        | |  2.1

Action                   |  1- 3 |  4- 6 |  7- 9 | 10-12 || total
-------------------------+-------+-------+-------+-------++-------
Melee: Falchion          |    39 |   611 |   141 |       ||   791
       Scimitar          |       |       |   243 |   551 ||   794
Evoke: Wand              |       |       |       |     4 ||     4
  Use: Scroll            |     2 |     7 |     6 |     6 ||    21
       Potion            |       |     1 |     1 |     4 ||     6
 Stab: Sleeping          |     1 |       |       |       ||     1
  Eat: Chunk             |       |     8 |    14 |    13 ||    35
       Ration            |       |       |       |     1 ||     1
Armor: Robe              |    19 |    13 |       |       ||    32
       Chain mail        |       |   310 |   299 |   425 ||  1034
       Skin              |       |     8 |       |       ||     8
Dodge: Dodged            |    26 |   222 |   202 |   299 ||   749
       Rpst.: Falchion   |    11 |    68 |    24 |       ||   103
       Scimitar          |       |       |    34 |    79 ||   113

Table legend:
 A = Non-vault XP
 B = Vault XP
 C = Vault XP percentage of total XP
 D = Non-vault monster count
 E = Vault monster count
 F = Vault count percentage of total count
                 A         B        C        D         E       F
            +---------+---------+-------+---------+---------+-------
      Total |   12530 |    3986 |  24.1 |     251 |      59 |  19.0
            +---------+---------+-------+---------+---------+-------
        D:1 |      27 |       0 |   0.0 |      13 |       0 |   0.0
        D:2 |     167 |      14 |   7.7 |      27 |       5 |  15.6
        D:3 |     155 |     286 |  64.9 |      31 |      21 |  40.4
        D:4 |     265 |     272 |  50.7 |      18 |       2 |  10.0
        D:5 |     112 |       0 |   0.0 |      11 |       0 |   0.0
        D:6 |    1275 |       0 |   0.0 |      23 |       0 |   0.0
        D:7 |     814 |       0 |   0.0 |      21 |       0 |   0.0
        D:8 |    1710 |       0 |   0.0 |      21 |       0 |   0.0
        D:9 |    2703 |     117 |   4.1 |      31 |       3 |   8.8
       D:10 |    2889 |    1007 |  25.8 |      39 |       5 |  11.4
       D:11 |    2413 |    2234 |  48.1 |      16 |       1 |   5.9
      Sewer |       0 |      56 | 100.0 |       0 |      22 | 100.0
            +---------+---------+-------+---------+---------+-------
